 Dungeon Crawl Stone Soup version bcrawl-1.27.3 (webtiles) character file.

Game seed: 8590401291455661059

487013 Freyura the Basher (level 12, -1/108 HPs)
             Began as a Minotaur Fighter on Aug 1, 2020.
             Was an Elder of Ashenzari.
             Slain by a torpor snail (5 damage)
             ... on level 3 of the Lair of Beasts on Aug 2, 2020.
             The game lasted 00:52:06 (11157 turns).

Freyura the Basher (Minotaur Fighter)              Turns: 11157, Time: 00:52:06

Health: -1/108     AC: 18    Str: 22    XL:     12   Next: 57%
Magic:  15/15      EV: 23    Int:  7    God:    Ashenzari [****..]
Gold:   1001       SH: 14    Dex: 19    Spells: 11/11 levels left

rFire    + . .     SeeInvis +   m - +3 morningstar (curse)
rCold    . . .     Gourm    .   c - +0 medium shield (curse)
rNeg     . . .     Faith    .   n - +3 ring mail {rF+} (curse)
rPois    .         Spirit   .   r - +2 hat (curse)
rElec    .         Reflect  .   p - +0 cloak (curse)
rCorr    .         Harm     .   d - +2 pair of gloves (curse)
MR       .....     Clarity  +   (no boots)
Stlth    +++.......             A - amulet of magic regeneration
HPRegen  0.28/turn              (no ring)
MPRegen  0.39/turn              (no ring)

@: agile, slowed, very slow
A: retaliatory headbutt, horns 2, camouflage 1, clever 1, sense surroundings 1,
evolution 1
a: Curse Item, Scrying, Renounce Religion


You were on level 3 of the Lair of Beasts.
You worshipped Ashenzari.
Ashenzari was greatly pleased with you.
You were near starving.

You visited 3 branches of the dungeon, and saw 14 of its levels.

You collected 1001 gold pieces.

Inventory:

Hand Weapons
 m - a cursed +3 morningstar (weapon)
 C - a +2 scimitar of flaming
Armour
 c - a cursed +0 medium shield (worn)
 d - a cursed +2 pair of gloves (worn)
 n - a cursed +3 ring mail of fire resistance (worn)
 p - a cursed +0 cloak (worn)
 r - a cursed +2 hat (worn)
 v - +0 acid dragon scales
 I - a +0 hat of intelligence
Jewellery
 A - an amulet of magic regeneration (around neck)
Wands
 a - a wand of disintegration (5)
 b - a wand of polymorph (37)
 s - a wand of enslavement (8)
 w - a wand of clouds (10)
 x - a wand of acid (11)
 G - a wand of iceblast (14)
 H - a wand of random effects (11)
Scrolls
 f - 10 scrolls of teleportation
 g - 6 scrolls of immolation
 h - a scroll of blinking
 i - 4 scrolls of remove curse
 t - a scroll of magic mapping
 y - a scroll of amnesia
 D - a scroll of identify
Potions
 j - 8 potions of curing
 k - 2 potions of heal wounds
 l - 3 potions of flight
 o - a potion of lignification
 q - a potion of invisibility
 z - a potion of magic
 E - a potion of resistance
Miscellaneous
 B - a box of beasts
Comestibles
 e - 20 rations {!d}


   Skills:
 + Level 10.6 Fighting
 * Level 13.7(16.7) Maces & Flails
 + Level 10.6(12.7) Armour
 + Level 9.0(11.2) Dodging
 + Level 10.5(12.6) Shields
 + Level 5.6 Evocations


You had 11 spell levels left.
You didn't know any spells.
Your spell library contained the following spells:

 Spells                   Type           Power        Failure   Level  Hunger
 Flame Tongue             Conj/Fire      #....        96%         1    None
 Flaming Arrows           Chrm/Fire      #.......     99%         2    ####...
 Conjure Flame            Conj/Fire      #.......     100%        3    #####..
 Inner Flame              Hex/Fire       N/A          100%        3    #####..
 Sticky Flame             Conj/Fire      #.......     100%        4    ######.
 Fireball                 Conj/Fire      #.........   100%        5    #######


Dungeon Overview and Level Annotations

Branches:
Dungeon (10/12)            Temple (1/1) D:6            Lair (3/6) D:9
  Swamp (0/3) Lair:2
  Snake: Lair:2-4    Spider: Lair:2-4       Orc: D:8-11

Altars:
Ashenzari
Cheibriados
Dithmenos
Elyvilon
Fedhas
Gozag
Hepliaklqana
Kikubaaqudgha
Lugonu
Makhleb
Nemelex Xobeh
Okawaru
Qazlal
Ru
Sif Muna
Trog
Uskayaw
Vehumet
Wu Jian
Xom
Yredelemnul
Zin
The Shining One

Shops:
D:7 =


Innate Abilities, Weirdness & Mutations

You reflexively headbutt those who attack you in melee.
You have a pair of horns on your head.
Your skin changes colour to match your surroundings (Stealth+).
Your mind is acute. (Int +2)
You passively map a small area around you.
You evolve.


Message History

The wyvern appears confused.
The wyvern bites the torpor snail but does no damage.
You puncture the death yak!
The death yak is heavily wounded.
The wyvern is engulfed in noxious fumes.
The wyvern appears confused.
The death yak gores you!!
* * * LOW HITPOINT WARNING * * *
The torpor snail is engulfed in noxious fumes.
The torpor snail appears confused.
You block the torpor snail's attack. You block the death yak's attack.
The wyvern is engulfed in noxious fumes.
You puncture the death yak!
You headbutt the death yak, but do no damage.
The death yak is severely wounded.
You block the death yak's attack.
The wyvern bites the death yak!
The death yak completely misses you. You furiously retaliate!
You headbutt the death yak.
The torpor snail is engulfed in noxious fumes.
The torpor snail bites you.
You die...

##.######.[......(...........
### ###.........P###....###
#..........### ##....##
##.........## ##P..##
#P.........P# ###..#
#P......#...## ####
#####P.###..## * #######..# *
#####@##...# *#...YwY..#.# ,*
*#...l§§§.....# * * *
*#.....§§§.....# * ,*
.....§§§§§....# * , *
,...............# * ,
................. , , *
...............#.. , ,
##............P###, *


You could see 2 death yaks, a torpor snail (confused) and a wyvern (confused).

Vanquished Creatures
  Gastronok (Lair:2)
  Josephine (D:10)
  A hydra (D:10)
  2 centaur warriors (D:7)
  Erica (D:10)
  A two-headed ogre (D:9)
  2 cyclopes (D:10)
  An ugly thing (D:9)
  A manticore (D:6)
  3 black mambas
  A gargoyle (D:10)
  A cane toad (Lair:3)
  A centaur skeleton (D:10)
  A kobold demonologist (D:10)
  2 komodo dragons
  2 trolls
  A hornet (D:7)
  3 hippogriffs
  3 wraiths (D:10)
  Sigmund (D:2)
  A wyvern (D:8)
  A hungry ghost (D:6)
  13 yaks
  Menkaure (D:6)
  Edmund (D:5)
  3 wargs
  3 crocodiles
  An acid dragon (D:9)
  Duvessa (D:4)
  2 porcupines (Lair:2)
  2 water moccasins
  3 sky beasts
  2 orc warriors (D:7)
  2 black bears
  A hornet zombie (D:9)
  2 ice beasts
  8 ogres
  2 phantoms
  A necrophage (D:6)
  5 wolves (Lair:2)
  A centaur (D:9)
  Blork the orc (D:6)
  3 bullfrogs
  Dowan (D:4)
  2 scorpions
  4 wights (D:8)
  5 killer bees (D:8)
  4 howler monkeys
  6 crimson imps
  2 bullfrog zombies
  5 jellies
  10 orc wizards
  6 orc priests
  9 hounds
  A bullfrog skeleton (D:7)
  4 iguanas
  Ijyb (D:4)
  Terence (D:2)
  12 worker ants
  2 hound skeletons
  3 gnolls (D:5)
  11 adders
  A shadow imp (D:10)
  An ooze (D:2)
  An adder zombie (D:5)
  3 worms
  4 dart slugs
  6 leopard geckos
  36 orcs
  7 giant cockroaches
  2 goblins
  7 hobgoblins
  13 jackals
  4 quokkas
  A ball python (D:3)
  7 bats
  6 frilled lizards
  13 kobolds
  5 rats
  A fungus (Lair:3)
297 creatures vanquished.

Vanquished Creatures (others)
  An orc (D:3)
  A plant (Lair:3)
2 creatures vanquished.

Grand Total: 299 creatures vanquished

Notes
Turn   | Place    | Note
-------+----------+-------------------------------------------
     0 | D:1      | Freyura the Minotaur Fighter began the quest for the Orb.
     0 | D:1      | Reached XP level 1. HP: 19/19 MP: 0/0
   116 | D:1      | Reached XP level 2. HP: 26/27 MP: 1/1
   325 | D:1      | Reached skill level 3 in Maces & Flails
   325 | D:1      | Reached skill level 1 in Dodging
   752 | D:2      | Found an ancient bone altar of Kikubaaqudgha.
   785 | D:2      | Reached XP level 3. HP: 29/33 MP: 2/2
   799 | D:2      | Noticed Sigmund
   811 | D:2      | Killed Sigmund
   811 | D:2      | Reached skill level 4 in Maces & Flails
   811 | D:2      | Reached XP level 4. HP: 19/41 MP: 3/3
   811 | D:2      | Reached XP level 5. HP: 22/47 MP: 4/4
  1063 | D:2      | Noticed Terence
  1072 | D:2      | Killed Terence
  1189 | D:2      | Found a hide-covered altar of Uskayaw.
  1197 | D:2      | Found a shattered altar of Ashenzari.
  1206 | D:2      | Became a worshipper of Ashenzari the Shackled
  1357 | D:3      | Reached XP level 6. HP: 51/53 MP: 5/5
  1519 | D:3      | Reached skill level 5 in Maces & Flails
  1811 | D:3      | Reached skill level 5 in Fighting
  2257 | D:3      | Gained mutation: You passively map a small area around you.
                  | [potion of mutation]
  2257 | D:3      | Gained mutation: You evolve. [potion of mutation]
  2309 | D:4      | Reached skill level 5 in Armour
  2309 | D:4      | Reached skill level 5 in Shields
  2383 | D:4      | Noticed Duvessa
  2383 | D:4      | Noticed Dowan
  2399 | D:4      | Killed Duvessa
  2399 | D:4      | Reached XP level 7. HP: 32/61 MP: 6/6
  2428 | D:4      | Killed Dowan
  2428 | D:4      | Reached skill level 6 in Maces & Flails
  2707 | D:4      | Gained mutation: You are robust. (+10% HP) [evolution]
  2923 | D:4      | Noticed Ijyb
  2930 | D:4      | Killed Ijyb
  3258 | D:5      | Entered Level 5 of the Dungeon
  3258 | D:5      | Noticed Edmund
  3268 | D:5      | Killed Edmund
  3268 | D:5      | Reached XP level 8. HP: 61/77 MP: 7/7
  3299 | D:5      | Gained mutation: Your mind is acute. (Int +2) [evolution]
  3320 | D:5      | Found an iron altar of Okawaru.
  3372 | D:5      | Reached skill level 7 in Maces & Flails
  3375 | D:5      | Reached * piety under Ashenzari
  3454 | D:5      | Found a runed door.
  3472 | D:5      | Found a runed door.
  3980 | D:5      | Reached skill level 8 in Maces & Flails
  4470 | D:6      | Noticed Menkaure
  4471 | D:6      | Reached XP level 9. HP: 76/85 MP: 8/8
  4478 | D:6      | Killed Menkaure
  4568 | D:6      | Reached skill level 5 in Dodging
  4652 | D:6      | Found a staircase to the Ecumenical Temple.
  4684 | Temple   | Entered the Ecumenical Temple
  4848 | D:6      | Noticed Blork the orc
  4855 | D:6      | Killed Blork the orc
  4855 | D:6      | Reached skill level 9 in Maces & Flails
  4880 | D:6      | Found an iron altar of Okawaru.
  4881 | D:6      | Found a radiant altar of Vehumet.
  5449 | D:6      | Noticed a manticore
  5454 | D:6      | Killed a manticore
  5798 | D:7      | Reached ** piety under Ashenzari
  5806 | D:7      | Noticed a centaur warrior
  5822 | D:7      | Killed a centaur warrior
  5822 | D:7      | Reached skill level 10 in Maces & Flails
  5822 | D:7      | Reached skill level 1 in Evocations
  5822 | D:7      | Reached XP level 10. HP: 35/96 MP: 8/10
  6329 | D:7      | Noticed a centaur warrior
  6342 | D:7      | Killed a centaur warrior
  6587 | D:7      | Found Vedisyck's Jewellery Shoppe.
  7018 | D:7      | Reached skill level 11 in Maces & Flails
  7313 | D:8      | Reached XP level 11. HP: 99/106 MP: 12/12
  7421 | D:8      | Found a sacrificial altar of Ru.
  7756 | D:9      | Found a burning altar of Makhleb.
  7815 | D:10     | Entered Level 10 of the Dungeon
  7908 | D:9      | Noticed a two-headed ogre
  7916 | D:9      | Killed a two-headed ogre
  7994 | D:9      | Found a staircase to the Lair.
  8082 | D:9      | Reached skill level 12 in Maces & Flails
  8161 | D:9      | Noticed a green ugly thing
  8165 | D:9      | Killed a green ugly thing
  8295 | D:9      | Gained mutation: Your skin changes colour to match your
                  | surroundings (Stealth+). [evolution]
  8331 | D:10     | Reached *** piety under Ashenzari
  8347 | D:10     | Noticed a cyclops
  8347 | D:10     | Noticed a cyclops
  8356 | D:10     | Killed a cyclops
  8369 | D:10     | Killed a cyclops
  8550 | D:10     | Noticed a five-headed hydra
  8559 | D:10     | Killed a five-headed hydra
  8851 | D:10     | Noticed Erica
  8858 | D:10     | Killed Erica
  9193 | D:10     | Noticed Josephine
  9218 | D:10     | Killed Josephine
  9218 | D:10     | Reached skill level 10 in Armour
  9223 | D:10     | Reached skill level 10 in Fighting
  9459 | Lair:1   | Entered Level 1 of the Lair of Beasts
  9585 | Lair:1   | Reached **** piety under Ashenzari
  9644 | Lair:1   | Reached XP level 12. HP: 116/116 MP: 14/14
  9656 | Lair:1   | Reached skill level 10 in Shields
  9806 | Lair:1   | Reached skill level 13 in Maces & Flails
 10074 | Lair:2   | Reached skill level 5 in Evocations
 10407 | Lair:2   | Found a staircase to the Swamp.
 10461 | Lair:2   | Lost mutation: You are robust. (+10% HP) [evolution]
 10517 | Lair:2   | Noticed Gastronok
 10529 | Lair:2   | Killed Gastronok
 11138 | Lair:3   | Noticed a death yak
 11138 | Lair:3   | Noticed a death yak
 11156 | Lair:3   | HP: 4/108 [death yak[a torpor snail] (21)]
 11157 | Lair:3   | Slain by a torpor snail

Skill      XL: |  1  2  3  4  5  6  7  8  9 10 11 12 |
---------------+-------------------------------------+-----
Maces & Flails | 3 4 5 6 8 10 11 12 13 | 13.7
Dodging        | 1 2 3 4 6 7 8 9 |  9.0
Fighting       | 4 5 6 7 9 10 | 10.6
Armour         | 4 5 6 7 9 10 | 10.6
Shields        | 4 5 6 7 8 9 10 | 10.5
Evocations     | 1 3 4 5 |  5.6

Action                   |  1- 3 |  4- 6 |  7- 9 | 10-12 || total
-------------------------+-------+-------+-------+-------++-------
Melee: Flail             |    72 |   170 |       |       ||   242
       Headbutt          |    10 |    25 |    53 |   110 ||   198
       Morningstar       |       |    19 |   303 |   480 ||   802
Invok: Curse Item        |       |     3 |     1 |     3 ||     7
Evoke: Wand              |       |       |     2 |     8 ||    10
  Use: Potion            |     1 |     1 |     2 |     3 ||     7
       Scroll            |       |     6 |     9 |     8 ||    23
 Stab: Sleeping          |       |       |       |     2 ||     2
  Eat: Chunk             |     1 |    12 |    22 |    25 ||    60
       Ration            |       |       |     2 |       ||     2
Armor: Scale mail        |    26 |    34 |       |       ||    60
       Ring mail         |       |    73 |   113 |   134 ||   320
Dodge: Dodged            |    15 |    70 |    91 |   222 ||   398
Block: Medium shield     |    47 |   105 |   144 |   297 ||   593
